AoeStats
← AiM | CyclopsTron

Oasis

507640636Analyzed
4v4 RM · 12d ago on Sep 19, 2026· 45m 31s· 8 players
Game mode
Random Map
Map size
Large (8 player)
Population
200
Speed
Normal
Resources
Standard
Victory
Conquest
Starting age
Dark Age
Ending age
Imperial Age
RankedLock teamsTeams togetherTeam positionsShared explorationLock speedFull tech treeHidden civsTurbo modeCheats
Victory
Defeat
🇲🇽 Saracens · Mexico
1732
+11
🇲🇽 Maya · Mexico
1671
+14
🇦🇷 Wei · Argentina
1513
+21
🇨🇴 Persians · Colombia
1224
+29
🇻🇳 Maya · Vietnam
1682
-21
🇦🇺 Khitans · Australia
1591
-18
🇦🇺 Burgundians · Australia
1584
-18
🇨🇳 Gurjaras · China
1582
-18
_EMA_001
6:24 Loom
8:54 Feudal Age
9:56 Double-Bit Axe
9:54 Horse Collar
14:39 Scale Barding Armor
15:58 Bloodlines
18:02 Forging
22:48 Castle Age
23:01 Light Cavalry
24:00 Bow Saw
23:50 Heavy Plow
24:28 Wheelbarrow
26:37 Town Watch
27:42 Gold Mining
32:28 Hand Cart
37:05 Imperial Age
36:53 Fortified Wall
38:29 Crop Rotation
38:28 Chain Barding Armor
38:44 Iron Casting
38:31 Conscription
38:37 Frontier Guards
38:25 Kshatriyas
40:15 Plate Barding Armor
39:33 Heavy Camel Rider
41:35 Hussar
42:18 Husbandry
42:43 Murder Holes
43:48 Chemistry
44:37 Fletching
45:20 Onager
RogerRamjet
6:42 Loom
9:08 Feudal Age
8:11 Double-Bit Axe
10:08 Bow Saw
9:59 Horse Collar
14:39 Heavy Plow
15:58 Fletching
21:13 Scale Barding Armor
23:33 Wheelbarrow
23:54 Gold Mining
27:44 Castle Age
28:41 Husbandry
29:09 Hand Cart
29:57 Two-Man Saw
28:52 Cavalier
tigerdownhill_
0:29 Loom
11:22 Feudal Age
16:05 Fletching
16:47 Padded Archer Armor
25:33 Castle Age
24:44 Gold Mining
24:39 Double-Bit Axe
26:40 Bodkin Arrow
26:56 Bow Saw
27:41 Ballistics
26:56 Crossbowman
29:09 Stone Mining
30:43 Wheelbarrow
31:32 Horse Collar
39:28 Imperial Age
37:26 Squires
38:40 Pikeman
39:05 Arson
39:33 Forging
39:36 Arbalester
40:38 Bracer
41:21 Hand Cart
41:49 Scale Mail Armor
Sp Bro
7:35 Loom
10:09 Feudal Age
10:43 Double-Bit Axe
11:35 Domestication
16:03 Forging
17:15 Scale Barding Armor
22:35 Castle Age
23:42 Chain Barding Armor
24:01 Iron Casting
23:29 Husbandry
23:47 Pastoralism
23:30 Light Cavalry
28:30 Chain Barding Armor
39:11 Wheelbarrow
AiM | CyclopsTron
0:26 Loom
10:46 Feudal Age
15:16 Fletching
27:31 Castle Age
28:31 Bodkin Arrow
27:56 Crossbowman
39:24 Fortified Wall
Crosnay
6:14 Loom
9:08 Feudal Age
10:11 Double-Bit Axe
15:09 Fletching
17:16 Padded Archer Armor
23:28 Castle Age
23:38 Gold Mining
24:06 Bodkin Arrow
23:32 Crossbowman
24:55 Bow Saw
25:29 Ballistics
27:37 Town Watch
28:30 Wheelbarrow
30:08 Thumb Ring
37:19 Imperial Age
36:34 Hand Cart
37:30 Leather Archer Armor
38:09 Bracer
39:17 Chemistry
38:53 Arbalester
40:54 Ring Archer Armor
43:27 Town Patrol
44:37 Siege Engineers
Juan_DavidMLL
5:17 Loom
6:41 Loom
9:09 Feudal Age
10:25 Double-Bit Axe
10:26 Horse Collar
18:26 Scale Barding Armor
18:47 Forging
21:44 Bloodlines
24:21 Castle Age
25:44 Wheelbarrow
25:20 Husbandry
25:44 Chain Barding Armor
25:50 Bow Saw
26:58 Wheelbarrow
31:18 Hand Cart
34:19 Iron Casting
33:43 Gold Mining
40:48 Hand Cart
43:58 Imperial Age
41:21 Town Watch
43:56 Stone Mining
44:41 Gold Shaft Mining
44:08 Heavy Plow
45:00 Plate Barding Armor
43:47 Cavalier
45:29 Blast Furnace
45:23 Savar
TQLeo
6:39 Loom
9:14 Feudal Age
9:50 Double-Bit Axe
10:05 Horse Collar
15:08 Gold Mining
17:38 Wheelbarrow
20:57 Castle Age
19:51 Forging
20:13 Bloodlines
21:17 Town Watch
21:47 Scale Barding Armor
24:48 Heavy Plow
26:05 Bow Saw
27:14 Chain Barding Armor
27:59 Husbandry
29:58 Stone Mining
31:44 Iron Casting
37:26 Hand Cart
40:34 Imperial Age
40:40 Heavy Hei Guang Cavalry
42:22 Blast Furnace
41:44 Conscription
41:53 Ming Guang Armor
41:55 Conscription
46:08 Crop Rotation
Connection lost

Rejoining the realm…

Still unreachable

The connection could not be restored.

Session expired

The server has moved on; the page needs a fresh start.